 Dungeon Crawl Stone Soup version 0.29-a0-297-g7659ce593d (webtiles) character file.

Game seed: 7060036305141730086

3765 kae the Arsonist (level 10, -2/60 HPs)
             Began as a Tengu Fire Elementalist on Mar 21, 2022.
             Was a Follower of Vehumet.
             Slain by an orc warrior
             ... wielding a +2 dire flail of protection
              (13 damage)
             ... on level 9 of the Dungeon.
             The game lasted 00:07:51 (12727 turns).

kae the Arsonist (Tengu Fire Elementalist)         Turns: 12727, Time: 00:07:52

Health: -2/60      AC:  4    Str:  9    XL:     10   Next: 15%
Magic:  0/19       EV: 14    Int: 20    God:    Vehumet [*.....]
Gold:   403        SH:  5    Dex: 14    Spells: 7/20 levels left

rFire   . . .      SeeInvis .   p - +4 falchion
rCold   + . .      Faith    .   s - +0 buckler
rNeg    . . .      Spirit   +   w - +2 robe {Will+}
rPois   +          Reflect  .   (helmet restricted)
rElec   .          Harm     .   (no cloak)
rCorr   .          Rampage  .   (no gloves)
Will    +....                   (boots unavailable)
Stlth   ++........              d - amulet of guardian spirit
HPRegen 0.20/turn               c - ring of protection from cold
MPRegen 0.16/turn               g - ring of poison resistance

@: flying quickly and evasively, quick
A: beak, talons 3, nimble flight
a: Renounce Religion


You were on level 9 of the Dungeon.
You worshipped Vehumet.
Vehumet was aware of your devotion.
You visited 2 branches of the dungeon, and saw 10 of its levels.

You collected 403 gold pieces.

Inventory:

Hand Weapons
 p - a +4 falchion (weapon)
Missiles
 x - a throwing net
Armour
 a - a +0 robe
 s - a +0 buckler (worn)
 w - a +2 robe of willpower (worn)
 y - +0 acid dragon scales
Jewellery
 c - a ring of protection from cold (left hand)
 d - an amulet of guardian spirit (around neck)
 g - a ring of poison resistance (right hand)
Wands
 f - a wand of digging (4)
 q - a wand of paralysis (10)
 u - a wand of acid (8)
 v - a wand of charming (7)
Scrolls
 m - 3 scrolls of teleportation
 r - a scroll of summoning
 t - 2 scrolls of identify
 z - a scroll of noise {unknown}
Potions
 b - a potion of magic
 e - 2 potions of ambrosia
 h - 7 potions of curing
 i - 4 potions of brilliance
 j - a potion of degeneration
 k - a potion of might
 l - a potion of heal wounds
 n - 2 potions of flight
 o - a potion of invisibility


   Skills:
 + Level 5.9 Fighting
 - Level 2.1 Dodging
 - Level 2.0 Stealth
 * Level 3.8 Shields
 + Level 5.9 Spellcasting
 + Level 8.1 Conjurations
 * Level 10.1 Fire Magic


You had 7 spell levels left.
You knew the following spells:

 Your Spells              Type           Power      Damage    Failure   Level
a - Foxfire               Conj/Fire      100%       2x1d9     1%          1
b - Scorch                Fire           92%        2d10      1%          2
c - Conjure Flame         Conj/Fire      42%        6-21      1%          3
d - Inner Flame           Hex/Fire       26%        N/A       4%          3
e - Flame Wave            Conj/Fire      42%        2d9       3%          4

Your spell library contained the following spells:

 Spells                   Type           Power      Damage    Failure   Level
 Freeze                   Ice            20%        1d4       14%         1
 Beastly Appendage        Tmut           10%        N/A       14%         1
 Blink                    Tloc           10%        N/A       21%         2
 Corpse Rot               Necr/Air       10%        N/A       21%         2
 Poisonous Vapours        Pois/Air       10%        N/A       21%         2
 Wereblood                Tmut           5%         N/A       21%         2
 Spider Form              Tmut/Pois      5%         N/A       38%         3
 Olgreb's Toxic Radiance  Pois           5%         N/A       80%         4
 Manifold Assault         Tloc           5%         N/A       98%         5
 Ozocubu's Refrigeration  Ice            2%         4d5       100%        7
 Storm Form               Tmut/Air       2%         N/A       100%        7
 Ignition                 Fire           23%        3d8       100%        8


Dungeon Overview and Level Annotations

Branches:
Dungeon (9/15)             Temple (1/1) D:6            Lair (0/6) D:8
    Orc: D:9-12

Altars:
Ashenzari
Cheibriados
Dithmenos
Elyvilon
Fedhas
Gozag
Hepliaklqana
Kikubaaqudgha
Makhleb
Nemelex Xobeh
Okawaru
Qazlal
Ru
Sif Muna
Trog
Uskayaw
Vehumet
Xom
Yredelemnul
Zin
The Shining One

Shops:
D:8 :

Annotations:
D:4 Grinder


Innate Abilities, Weirdness & Mutations

You have a beak for a mouth.
You have claws for feet.
Your magical nature lets you fly swiftly and evasively.


Message History

Casting: Scorch (safe; 1% risk of failure)
Confirm with . or Enter, or press ? or * to list all spells.
Flames lash something.
Vehumet accepts your kill.
Reactivating autopickup.
You feel a bit more experienced. The orc warrior completely misses you.
The orc warrior barely misses you.
Casting: Scorch (safe; 1% risk of failure)
Confirm with . or Enter, or press ? or * to list all spells.
Flames lash the orc.
The orc is lightly wounded.
The orc's fire resistance burns away.
The orc warrior closely misses you.
The orc is no longer more vulnerable to fire.
You see here a +0 pair of gloves.
Casting: Scorch (safe; 1% risk of failure)
Confirm with . or Enter, or press ? or * to list all spells.
You conjure some foxfire!
The orc priest calls down the wrath of Beogh upon you.
Beogh smites you!
The foxfire hits the orc warrior.
The orc warrior is lightly wounded.
The foxfire hits the orc warrior but does no damage.
The orc warrior is lightly wounded.
Casting: Foxfire (safe; 1% risk of failure)
Confirm with . or Enter, or press ? or * to list all spells.
You conjure some foxfire!
The foxfire hits the orc but does no damage.
The orc warrior hits you with a +2 dire flail of protection!
The foxfire hits the orc warrior but does no damage.
The orc warrior is lightly wounded.
The orc warrior hits you with a +2 dire flail of protection!
* * * LOW HITPOINT WARNING * * *
Casting: Foxfire (safe; 1% risk of failure)
Confirm with . or Enter, or press ? or * to list all spells.
You conjure some foxfire!
The orc hits you with a +0 club.
* * * LOW HITPOINT WARNING * * *
The orc priest looks satisfied for a moment.
The orc warrior hits you with a +2 dire flail of protection!
You die...

#..................#
#......##..>.......#
###.##.##............
#.......)........##
#......#.........#
#^............#..#
##.....##.....
####..vv...###
#....o@####.#
#.####o# .# # #o# .
#o# #.# #.# ...oo)..#
##.######


You could see an orc warrior (ally target), an orc priest and 2 orcs.

Vanquished Creatures
  Psyche (D:8)
  Prince Ribbit (D:8)
  A wyvern (D:5)
  An acid dragon (D:9)
  2 water moccasins
  An orc warrior (D:7)
  A sky beast (D:5)
  An ice beast (D:7)
  3 ogres
  2 centaurs (D:8)
  2 phantoms (D:4)
  2 kobold brigands
  3 scorpions (D:5)
  2 bullfrogs
  A necrophage (D:4)
  10 wights
  A killer bee (D:8)
  4 howler monkeys
  5 hounds
  3 jellies
  2 orc priests
  2 gnoll shamans
  5 iguanas
  3 orc wizards
  8 gnolls
  6 adders
  3 white imps
  An ufetubus (D:7)
  2 dart slugs (D:4)
  23 orcs
  4 ball pythons
  9 endoplasms
  5 giant cockroaches
  5 goblins
  4 hobgoblins
  2 jackals (D:1)
  16 kobolds
  A quokka (D:5)
  7 bats
  A frilled lizard (D:3)
  3 rats
159 creatures vanquished.

Vanquished Creatures (others)
  380 foxfires
  3 plants (D:9)
383 creatures vanquished.

Grand Total: 542 creatures vanquished

Notes
Turn   | Place    | Note
-------+----------+-------------------------------------------
     0 | D:1      | kae the Tengu Fire Elementalist began the quest for the
                  | Orb.
     0 | D:1      | Reached XP level 1. HP: 10/10 MP: 4/4
   246 | D:1      | Reached XP level 2. HP: 11/16 MP: 1/6
   848 | D:1      | Found a faded altar of an unknown god.
  1204 | D:2      | Reached XP level 3. HP: 20/20 MP: 5/7
  1359 | D:2      | Reached skill level 1 in Fighting
  1668 | D:2      | Reached skill level 4 in Fire Magic
  2186 | D:3      | Learned a level 2 spell: Scorch
  2190 | D:3      | Learned a level 3 spell: Conjure Flame
  2442 | D:3      | Found a stormy altar of Qazlal.
  2451 | D:3      | Reached XP level 4. HP: 25/25 MP: 6/8
  3200 | D:4      | Noticed an ogre
  3207 | D:4      | Killed an ogre
  3208 | D:4      | Gained mutation: Your magical nature lets you fly swiftly
                  | and evasively. [Tengu growth]
  3208 | D:4      | Reached XP level 5. HP: 18/30 MP: 6/10
  3365 | D:4      | Reached skill level 5 in Fire Magic
  3365 | D:4      | Reached XP level 6. HP: 34/35 MP: 6/11
  3909 | D:4      | Reached XP level 7. HP: 40/40 MP: 6/13
  3974 | D:4      | Reached skill level 6 in Fire Magic
  4314 | D:4      | Noticed Grinder
  4583 | D:4      | Reached skill level 5 in Conjurations
  4822 | D:5      | Entered Level 5 of the Dungeon
  4955 | D:5      | Reached skill level 7 in Fire Magic
  4955 | D:5      | Reached XP level 8. HP: 48/48 MP: 7/15
  5129 | D:5      | Learned a level 3 spell: Inner Flame
  5134 | D:5      | Learned a level 4 spell: Flame Wave
  6069 | D:5      | Noticed a wyvern
  6240 | D:5      | Reached skill level 8 in Fire Magic
  6509 | D:5      | Killed a wyvern
  6510 | D:5      | Reached XP level 9. HP: 6/53 MP: 10/17
  6859 | D:5      | Reached skill level 5 in Spellcasting
  7467 | D:6      | Reached skill level 5 in Fighting
  7614 | D:6      | Reached skill level 9 in Fire Magic
  7813 | D:6      | Found a staircase to the Ecumenical Temple.
  7877 | Temple   | Entered the Ecumenical Temple
  8190 | Temple   | Became a worshipper of Vehumet
  8452 | D:6      | You are sucked into a shaft and drop 1 floor!
 10868 | D:7      | Reached skill level 1 in Shields
 11553 | D:8      | Noticed Prince Ribbit
 11560 | D:8      | Killed Prince Ribbit
 11627 | D:8      | Noticed Psyche
 11661 | D:8      | Found Xiraurgh's Book Boutique.
 12091 | D:8      | Found a staircase to the Lair.
 12111 | D:8      | Reached * piety under Vehumet
 12111 | D:8      | Offered knowledge of Freeze by Vehumet.
 12255 | D:9      | Noticed a centaur warrior
 12279 | D:8      | Killed Psyche
 12280 | D:8      | Reached skill level 10 in Fire Magic
 12280 | D:8      | Reached XP level 10. HP: 41/60 MP: 1/19
 12727 | D:9      | Slain by an orc warrior

Illustrated notes

Levels and vault maps discovered:
D:1:      minmay_arrival_split_and_join, layout_loops_cross,
          ebering_ecumenical_altar_webs, minmay_misc_feat_tiny,
          dk_noncrumbling_3
D:2:      layout_loops_cross
D:3:      layout_loops_ring, nicolae_qazlal_general_emergency,
          kennysheep_generic_room_14
D:4:      kennysheep_six_static_rooms, layout_loops_ring, minmay_circle_x,
          uniq_grinder
D:5:      minmay_clustersquares, layout_loops_ring
D:6:      layout_loops_ring, minmay_temple_entry_glassed_door
D:7:      layout_cave_pods, serial_co_window_serial, co_window_corner_a,
          co_window_corner_a, co_window_paths_a, co_window_paths_b,
          co_window_paths_b, co_window_2corner, co_window_of_opportunity_b,
          co_window_broadway_c, co_window_4corner_a, co_window_4corner_b,
          abandoned_shop
D:8:      layout_rooms, lair_entry_dummy, serial_shops, shop,
          minmay_stone_trees_large, uniq_prince_ribbit1, uniq_psyche
D:9:      layout_loops_ring, wad_woods_river_04, david_defended_altar_orc
Temple:   mainiacjoe_temple_cubbyholes

Skill      XL: |  1  2  3  4  5  6  7  8  9 |
---------------+----------------------------+-----
Conjurations   | 2 3 4 5 6 8 |  8.1
Fighting       | 1 2 3 4 5 |  5.9
Fire Magic     | 4 5 7 8 10 | 10.1
Spellcasting   | 3 4 5 |  5.9
Shields        | 3 |  3.8
Dodging        | |  2.1
Stealth        | |  2.0

Action                   |  1- 3 |  4- 6 |  7- 9 | 10-12 || total
-------------------------+-------+-------+-------+-------++-------
Melee: Unarmed           |    15 |     3 |     1 |       ||    19
       Kick              |     5 |     2 |     1 |     4 ||    12
       Peck              |     4 |     1 |     1 |     4 ||    10
       Falchion          |       |       |    10 |    13 ||    23
 Cast: Foxfire           |    63 |    44 |   120 |    16 ||   243
       Scorch            |       |    10 |   116 |    11 ||   137
       Conjure Flame     |       |       |     6 |       ||     6
       Flame Wave        |       |       |     1 |       ||     1
Evoke: Wand              |       |       |     1 |       ||     1
  Use: Scroll            |     2 |     4 |     8 |       ||    14
       Potion            |       |       |       |     1 ||     1
 Stab: Sleeping          |       |     1 |     1 |       ||     2
       Distracted        |       |       |     1 |       ||     1
Armor: Robe              |     8 |     1 |     8 |     4 ||    21
Dodge: Dodged            |    29 |     8 |    76 |    22 ||   135
Block: Buckler           |       |       |    13 |     2 ||    15

Table legend: (Time is in decaauts)
 A = Elapsed time spent in this place.
 B = Non-inter-level travel time spent in this place.
 C = Inter-level travel time spent in this place.
 D = Time resting spent in this place.
 E = Time spent auto-exploring this place.
 F = Levels seen in this place.
 G = Mean time per level.
                   A        B        C        D        E       F      G
               +--------+--------+--------+--------+--------+-----+--------+
         Total |  12235 |  11886 |    349 |   1782 |   8575 |  10 | 1223.5 |
       Dungeon |  11909 |  11620 |    289 |   1782 |   8315 |   9 | 1323.2 |
        Temple |    325 |    266 |     59 |      0 |    260 |   1 |  325.0 |
               +--------+--------+--------+--------+--------+-----+--------+

Top non-repeatable levels by time:
     D:7: 2254 daAuts
     D:4: 2212 daAuts
     D:5: 1886 daAuts
     D:6: 1423 daAuts
     D:1: 1158 daAuts
     D:8: 1044 daAuts
     D:2: 1012 daAuts
     D:3: 739 daAuts
  Temple: 325 daAuts
     D:9: 178 daAuts
